 Dungeon Crawl Stone Soup version 0.23.2-1-ga50397a6bc (webtiles) character file.

Game seed: 9023544420733061116

312 Anathary the Covert (level 6, 0/30 HPs)
             Began as a Spriggan Assassin on May 26, 2019.
             Slain by Grinder (10 damage)
             ... on level 3 of the Dungeon.
             The game lasted 00:11:34 (2359 turns).

Anathary the Covert (Spriggan Assassin)             Turns: 2359, Time: 00:11:34

Health: 0/30       AC:  3    Str:  7    XL:     6   Next: 18%
Magic:  7/7        EV: 19    Int: 13    God:
Gold:   131        SH:  0    Dex: 19    Spells: 5/5 levels left

rFire    . . .     SeeInvis +   a - +2 dagger
rCold    . . .     Gourm    .   (shield restricted)
rNeg     . . .     Faith    .   c - +0 robe
rPois    .         Spirit   .   (helmet restricted)
rElec    .         Reflect  .   d - +0 cloak
rCorr    .         Harm     .   (gloves unavailable)
MR       +....                  (boots unavailable)
Stlth    ++++......             (no amulet)
HPRegen  0.10/turn              (no ring)
MPRegen  0.10/turn              (no ring)

@: very quick
A: very small, unfitting armour, see invisible, herbivore, speed 3, slow
metabolism 2
a: no special abilities


You were on level 3 of the Dungeon.
You were not hungry.

You visited 1 branch of the dungeon, and saw 3 of its levels.

You collected 131 gold pieces.

Inventory:

Hand Weapons
 a - a +2 dagger (weapon)
 b - a +0 blowgun
Missiles
 e - 8 poisoned needles
 f - 2 curare-tipped needles
Armour
 c - a +0 robe (worn)
 d - a +0 cloak (worn)
Wands
 s - a wand of digging (7)
Scrolls
 i - 2 scrolls of identify {unknown}
 l - 3 scrolls of fear {unknown}
 m - 2 scrolls of teleportation {unknown}
 o - 2 scrolls of amnesia {unknown}
 q - 2 scrolls of magic mapping {unknown}
 r - 3 scrolls of remove curse {unknown}
Potions
 h - 3 potions of resistance {unknown}
 j - a potion of curing {unknown}
 k - a potion of mutation {unknown}
 n - a potion of berserk rage {unknown}
 p - a potion of magic {unknown}
Comestibles
 g - 5 rations


   Skills:
 + Level 2.0 Fighting
 + Level 3.9 Short Blades
 - Level 2.0 Throwing
 * Level 3.4 Dodging
 + Level 9.5 Stealth


You had 5 spell levels left.
You didn't know any spells.
Your spell library was empty.

Dungeon Overview and Level Annotations

Branches:
Dungeon (3/15)

Altars:
Ashenzari
Cheibriados
Gozag
Uskayaw
Yredelemnul

Shops:
D:3 *

Annotations:
D:3 Grinder


Innate Abilities, Weirdness & Mutations

You are very small and have problems with some larger weapons.
You are too small for most types of armour.
You have supernaturally acute eyesight. (SInv)
You are a herbivore.
You cover ground extremely quickly.
You need to consume almost no food.


Message History

You hit Grinder.
Grinder is moderately wounded.
Grinder completely misses you. The orc closely misses you.
You completely miss Grinder.
Grinder is moderately wounded.
Grinder gestures at you.
You easily resist.
You hit Grinder but do no damage.
Grinder is moderately wounded.
The orc hits you but does no damage. Grinder hits you.
You writhe in agony.
You hit Grinder but do no damage.
Grinder is lightly wounded.
The orc misses you. Grinder hits you.
You closely miss Grinder.
Grinder is lightly wounded.
The orc closely misses you.
You closely miss Grinder.
Grinder is lightly wounded.
Grinder hits you!
You die...

####### ###.....#####
######...........#
.........[.......# #####
#[##...........o@###...)..
...##....###.....5........
....##...###.###.....###..
.....#....##.#####_#####..
._.....[.....###.....###..
.....#....................
....##.##.......#.###.###.
...##..##.......#.# ...
#.##..###.........# ##


You could see Grinder and an orc.

Vanquished Creatures
  Sigmund (D:2)
  A howler monkey (D:3)
  Jessica (D:2)
  Ijyb (D:3)
  An adder (D:2)
  An ooze (D:3)
  A worm (D:2)
  2 dart slugs
  2 leopard geckos (D:1)
  2 ball pythons
  A giant cockroach (D:2)
  6 hobgoblins
  7 jackals
  A quokka (D:2)
  5 bats
  3 frilled lizards
  3 goblins
  4 kobolds
  5 rats
48 creatures vanquished.

Notes
Turn   | Place    | Note
-------+----------+-------------------------------------------
     0 | D:1      | Anathary the Spriggan Assassin began the quest for the Orb.
     0 | D:1      | Reached XP level 1. HP: 10/10 MP: 2/2
    72 | D:1      | Reached skill level 6 in Stealth
   564 | D:1      | Reached XP level 2. HP: 14/14 MP: 3/3
  1095 | D:2      | Reached skill level 7 in Stealth
  1095 | D:2      | Noticed Jessica
  1100 | D:2      | Killed Jessica
  1100 | D:2      | Reached XP level 3. HP: 14/18 MP: 4/4
  1640 | D:2      | Noticed Sigmund
  1662 | D:2      | Reached XP level 4. HP: 23/23 MP: 5/5
  2005 | D:2      | Killed Sigmund
  2005 | D:2      | Reached skill level 9 in Stealth
  2005 | D:2      | Reached XP level 5. HP: 26/26 MP: 6/6
  2020 | D:3      | Found Gozag's Platinum Reserve.
  2023 | D:3      | Found an opulent altar of Gozag.
  2053 | D:3      | Reached XP level 6. HP: 21/30 MP: 7/7
  2220 | D:3      | Found a basalt altar of Yredelemnul.
  2257 | D:3      | Found a snail-covered altar of Cheibriados.
  2293 | D:3      | Found a shattered altar of Ashenzari.
  2308 | D:3      | Found a hide-covered altar of Uskayaw.
  2315 | D:3      | Noticed Ijyb
  2319 | D:3      | Killed Ijyb
  2339 | D:3      | Noticed Grinder
  2359 | D:3      | Slain by Grinder

Skill      XL: |  1  2  3  4  5 |
---------------+----------------+-----
Stealth        | 6 7 9 |  9.5
Dodging        | 2 3 |  3.4
Short Blades   | 3 |  3.9
Fighting       | 2 |  2.0
Throwing       | |  2.0

Action                   |  1- 3 |  4- 6 || total
-------------------------+-------+-------++-------
Melee: Dagger            |   129 |    76 ||   205
 Stab: Sleeping          |    11 |     5 ||    16
Armor: Robe              |    15 |     9 ||    24
Dodge: Dodged            |    95 |    56 ||   151
